 Dungeon Crawl Stone Soup version 0.28.0-62-gf88900778d (webtiles) character file.

Game seed: 298539434230495514

42 cbfl8 the Poker (level 3, -2/30 HPs)
             Began as a Merfolk Berserker on July 1, 2023.
             Was a Follower of Trog.
             Slain by an adder (4 damage)
             ... on level 2 of the Dungeon.
             The game lasted 00:01:33 (1797 turns).

cbfl8 the Poker (Merfolk Berserker)                 Turns: 1797, Time: 00:01:33

Health: -2/30      AC:  2    Str: 17    XL:     3   Next: 54%
Magic:  3/3        EV: 13    Int:  6    God:    Trog [*.....]
Gold:   46         SH:  0    Dex: 15    Spells: 2/2 levels left

rFire   . . .      SeeInvis .   a - +0 spear
rCold   . . .      Faith    .   (no shield)
rNeg    . . .      Spirit   .   b - +0 animal skin
rPois   .          Reflect  .   (no helmet)
rElec   .          Harm     .   (no cloak)
rCorr   .          Rampage  .   (no gloves)
Will    .....                   (no boots)
Stlth   ++........              (no amulet)
HPRegen 0.10/turn               (no ring)
MPRegen 0.08/turn               (no ring)

@: lethally poisoned (-2 -> -11)
A: (nimble swimmer 2), mertail
a: Renounce Religion, Berserk


You were on level 2 of the Dungeon.
You worshipped Trog.
Trog was aware of your devotion.
You visited 1 branch of the dungeon, and saw 2 of its levels.

You collected 46 gold pieces.

Inventory:

Hand Weapons
 a - a +0 spear (weapon)
Armour
 b - a +0 animal skin (worn)
Scrolls
 c - a scroll of fog {unknown}


   Skills:
 + Level 3.8 Fighting
 + Level 5.3 Polearms
 + Level 1.4 Armour
 + Level 3.0 Dodging
 + Level 0.5 Stealth
 * Level 0.7 Evocations


You had 2 spell levels left.
You didn't know any spells.
Your spell library was empty.

Dungeon Overview and Level Annotations

Branches:
Dungeon (2/15)

Altars:


Innate Abilities, Weirdness & Mutations

((You are very nimble when in or above water. (Stealth+, EV+, Speed+++)))
Your lower body shifts to a powerful aquatic tail in water.


Message History

You feel sick. The adder closely misses you. The adder barely misses you.
You hit the adder.
The adder is lightly wounded.
The adder completely misses you.
You closely miss the adder.
The adder is lightly wounded.
You feel sick. The adder closely misses you.
You hit the adder but do no damage.
The adder is lightly wounded.
You feel sick. The adder barely misses you.
You miss the adder.
The adder is lightly wounded.
You feel sick.
You are no longer poisoned.
The adder misses you.
You closely miss the adder.
The adder is lightly wounded.
The adder bites you.
You barely miss the adder.
The adder is lightly wounded.
The adder closely misses you.
You hit the adder.
The adder is moderately wounded.
The adder bites you.
You are poisoned.
The adder poisons you!
You puncture the adder!
The adder is almost dead.
You feel sick. The adder bites you but does no damage.
You barely miss the adder.
The adder is almost dead.
You feel sick. The adder bites you.
* * * LOW HITPOINT WARNING * * *
You are more poisoned.
The adder poisons you!
You barely miss the adder.
The adder is almost dead.
* * * LOW HITPOINT WARNING * * *
You feel sick. The adder bites you.
You die...

. ... #^. .....
###..#############......
#.....†@................
#.....S.................
#....................).
#......................
#..................##
#..................#
#..................#####
#######............#....
#............#....


You could see an adder.

Vanquished Creatures
  2 adders (D:2)
  A worm (D:2)
  A dart slug (D:1)
  A bat (D:1)
  An endoplasm (D:1)
  A giant cockroach (D:1)
  2 goblins (D:1)
  2 hobgoblins (D:1)
  2 ball pythons (D:1)
  2 frilled lizards (D:1)
  5 kobolds (D:1)
  A rat (D:1)
21 creatures vanquished.

Notes
Turn   | Place    | Note
-------+----------+-------------------------------------------
     0 | D:1      | cbfl8 the Merfolk Berserker began the quest for the Orb.
     0 | D:1      | Reached XP level 1. HP: 18/18 MP: 1/1
    95 | D:1      | Reached XP level 2. HP: 11/24 MP: 2/2
   764 | D:1      | Found a faded altar of an unknown god.
   893 | D:1      | Reached skill level 5 in Polearms
  1187 | D:2      | HP: 1/25 [poisoned by an adder]
  1188 | D:2      | Reached XP level 3. HP: 1/30 MP: 3/3
  1797 | D:2      | Slain by an adder

Illustrated notes

Levels and vault maps discovered:
D:1:      elethiomel_arrival_shortcut, layout_loops_ring,
          shapermc_ecumenical_altar_ellora, minmay_misc_feat_nine_boxes,
          minmay_cupped
D:2:      layout_basic, nicolae_wormholes, uniq_robin

Skill      XL: |  1  2  3 |
---------------+----------+-----
Polearms       | 5 |  5.3
Dodging        | 3 |  3.0
Fighting       | |  3.8
Armour         | |  1.4
Stealth        | |  0.5
Evocations     | |  0.7

Action                   || total
-------------------------++-------
Melee: Spear             ||    86
 Stab: Sleeping          ||     3
Armor: Animal skin       ||     9
Dodge: Dodged            ||    43
